 Dungeon Crawl Stone Soup version 0.30-a0-757-ga6a79fd877 (webtiles) character file.

Game seed: 10697387680785649756

25314 Caestello the Severer (level 12, -2/110 HPs)
             Began as a Minotaur Fighter on Feb 9, 2023.
             Was a Priest of Uskayaw.
             Slain by an ettin
             ... wielding a +0 dire flail
              (26 damage)
             ... on level 2 of the Orcish Mines.
             The game lasted 00:25:00 (13530 turns).

Caestello the Severer (Minotaur Fighter)           Turns: 13530, Time: 00:25:01

Health: -2/110     AC: 17    Str: 25    XL:     12   Next: 88%
Magic:  10/14      EV: 19    Int:  5    God:    Uskayaw [***...]
Gold:   709        SH: 11    Dex: 11    Spells: 11/11 levels left

rFire   + . .      SeeInvis .    z - +6 war axe (freeze)
rCold   . . .      Faith    .    M - +0 kite shield {rF+}
rNeg    . . .      Spirit   .    N - +2 chain mail {rPois}
rPois   +          Reflect  .    (helmet restricted)
rElec   .          Harm     .    l - +1 cloak
rCorr   .          Rampage  .    e - +0 pair of gloves
Will    .....                    (no boots) Stlth
                                 d - amulet of magic regeneration
HPRegen 0.38/turn                F - +5 ring of evasion
MPRegen 0.54/turn                p - +5 ring of evasion

@: no status effects
A: horns 2, retaliatory headbutt
a: Renounce Religion, Stomp, Line Pass


You were on level 2 of the Orcish Mines.
You worshipped Uskayaw.
Uskayaw was noncommittal.
You visited 3 branches of the dungeon, and saw 16 of its levels.
You also visited: Ossuary and Bailey.

You collected 1134 gold pieces.
You spent 425 gold pieces at shops.

Inventory:

Hand Weapons
 k - the +7 dagger of Calamity {flame, *Noise Fly Will+}
   (You found it on level 12 of the Dungeon)

   Fly:       It grants you flight.
   *Noise:    It may make noises in combat.
   Will:      It increases your willpower.
 z - a +6 war axe of freezing (weapon)
Armour
 e - a +0 pair of gloves (worn)
 l - a +1 cloak (worn)
 t - a +0 kite shield
 w - a +2 buckler
 E - a +2 scale mail of cold resistance
 M - a +0 kite shield of fire resistance (worn)
 N - a +2 chain mail of poison resistance (worn)
Jewellery
 d - an amulet of magic regeneration (around neck)
 j - a ring of protection from fire
 p - a +5 ring of evasion (right hand)
 F - a +5 ring of evasion (left hand)
Wands
 q - a wand of polymorph (9)
 I - a wand of charming (11)
 J - a wand of light (4)
 L - a wand of flame (2)
Scrolls
 g - 2 scrolls of fog
 i - 2 scrolls of fear
 m - 4 scrolls of poison
 n - 5 scrolls of teleportation
 s - a scroll of silence
 v - a scroll of brand weapon
 y - a scroll of magic mapping
 D - 2 scrolls of amnesia
Potions
 b - 2 potions of magic
 c - 5 potions of curing
 f - a potion of heal wounds
 h - 4 potions of lignification
 o - 2 potions of berserk rage
 r - a potion of haste
 u - a potion of brilliance
 x - 4 potions of attraction
 A - a potion of flight
 B - a potion of ambrosia
 C - 2 potions of might
 G - 2 potions of resistance
 H - 2 potions of invisibility
Miscellaneous
 a - a lightning rod (4/4)
 K - a condenser vane


   Skills:
 + Level 11.2 Fighting
 + Level 16.3 Axes
 + Level 10.7 Armour
 + Level 6.5 Dodging
 - Level 0.3 Stealth
 + Level 10.0 Shields
 * Level 5.1 Invocations
 * Level 4.4 Evocations


You had 11 spell levels left.
You didn't know any spells.
Your spell library contained the following spells:

 Spells                   Type           Power      Damage    Failure   Level
 Freeze                   Ice            0%         1d3       99%         1
 Sandblast                Erth           0%         2d4       99%         1
 Passwall                 Tmut/Erth      0%         N/A       100%        2
 Frozen Ramparts          Ice            0%         1d1       100%        3
 Hailstorm                Conj/Ice       0%         3d3       100%        3
 Ozocubu's Armour         Ice            0%         N/A       100%        3
 Stone Arrow              Conj/Erth      0%         3d7       100%        3
 Summon Guardian Golem    Hex/Summ       0%         N/A       100%        3
 Airstrike                Air            0%         2d(0-16)  100%        4
 Olgreb's Toxic Radiance  Pois           0%         N/A       100%        4
 Summon Lightning Spire   Summ/Air       0%         N/A       100%        4
 Lightning Bolt           Conj/Air       0%         1d11      100%        5
 Orb of Destruction       Conj           0%         9d5       100%        7
 Ozocubu's Refrigeration  Ice            0%         4d7       100%        7
 Spellforged Servitor     Conj/Summ      0%         N/A       100%        7
 Ignition                 Fire           0%         3d3       100%        8


Dungeon Overview and Level Annotations

Branches:
Dungeon (13/15)            Temple (1/1) D:4            Lair (0/5) D:9
    Orc (2/2) D:9             Elf (0/3) Orc:2       Ossuary (visited)
 Bailey (visited)
 Vaults: D:13-14

Altars:
Ashenzari
Cheibriados
Dithmenos
Elyvilon
Fedhas
Gozag
Hepliaklqana
Kikubaaqudgha
Makhleb
Nemelex Xobeh
Okawaru
Qazlal
Ru
Sif Muna
Trog
Uskayaw
Vehumet
Wu Jian
Xom
Yredelemnul
Zin
The Shining One

Shops:
D:8 :[!?=   D:10 *   D:11 *   Orc:2 *

Annotations:
D:4 2 runed translucent doors


Innate Abilities, Weirdness & Mutations

You have a pair of horns on your head.
You reflexively headbutt those who attack you in melee.


Message History

The ettin hits you with a +0 dire flail!
* * * LOW HITPOINT WARNING * * *
The orc knight roars a battlecry!
The ettin attacks as you move away!
The ettin hits you with a +0 dire flail!!
* * * LOW HITPOINT WARNING * * *
The ettin completely misses you.
The ettin is no longer sharing its pain.
Aiming: Line Pass
Press: ? - help, Dir - move target The ettin appears confused.
The ettin grins madly.
The ettin misses you. You block the ettin's attack.
You hit the orc knight. You freeze the orc knight.
The orc knight is lightly wounded.
You hit the ettin. You freeze the ettin. You block the ettin's attack.
The ettin closely misses you.
The orc throws a silver boomerang.
The silver boomerang misses you. You block the orc knight's attack.
Uskayaw will force your foes to share their pain.
You hit the orc knight. You freeze the orc knight.
The orc knight is moderately wounded.
You hit the ettin but do no damage.
As you read the scroll of fear, it crumbles to dust.
You assume a fearsome visage.
The orc knight looks frightened!
The orc looks frightened!
The ettin resists with some effort.
The ettin seems less confused.
The ettin hits you with a +0 dire flail.
* * * LOW HITPOINT WARNING * * *
You block the ettin's attack.
You don't know any spells.
Unknown command.
Aiming: Line Pass
Press: ? - help, Dir - move target The ettin appears confused.
The ettin barely misses you. You block the ettin's attack.
The ettin seems less confused.
Okay, then.
You feel much better. The ettin completely misses you.
The ettin hits you with a +0 dire flail!!
You die...

.#..8..... ##.#...##....)...._#
.8...8..∩#.##.##....#.)[)).....#
........∩..#..#.....##)))##..∩##
#.......##....#.....###o#######
#..8.......#..#....# #...#
..#.......#.#.....## #...#
.......#.#....).### #..o#
...........#....#######'##
....##..#...#...@C.#)...#
.##....#...#....#...o...#
......#)..#....#######..#
...##..........# #..#
........######## #++# .#.#....#
#########


You could see an ettin and an orc (strong).

Vanquished Creatures
  2 vault guards (Bailey)
  A tengu warrior (D:13)
  A two-headed ogre (D:12)
  An orc high priest (Orc:2)
  4 skeletal warriors
  4 orc knights (Orc:2)
  2 ugly things (D:12)
  2 orc sorcerers (Orc:2)
  A manticore (D:12)
  A cyclops (D:12)
  An elephant (D:9)
  2 unseen horrors
  4 gargoyles
  Psyche (D:10)
  A kobold demonologist (D:11)
  6 trolls
  A hornet (D:10)
  5 saltlings (Orc:2)
  Prince Ribbit (Bailey)
  2 shadows
  17 yaks
  A wraith (D:10)
  A basilisk (D:9)
  2 wyverns
  4 humans (Bailey)
  A steam dragon (D:10)
  2 acid dragons
  A water moccasin (D:9)
  2 black bears
  An ice beast (D:5)
  6 sky beasts
  12 orc warriors
  4 ogres
  5 centaurs
  A phantom (D:4)
  An elf zombie (Ossuary)
  3 kobold brigands
  8 bullfrogs
  2 necrophages (D:7)
  A scorpion (D:6)
  A gnoll sergeant (D:8)
  9 wights
  24 killer bees
  2 howler monkeys
  4 hounds
  4 jellies
  6 orc priests
  2 human zombies (Ossuary)
  A gnoll bouda (D:6)
  Natasha (thrice) (D:2)
  2 iguanas
  9 orc wizards
  2 mummies (Ossuary)
  12 gnolls
  9 adders
  2 ufetubi
  3 adder zombies (Ossuary)
  A worm (D:4)
  The ghost of Esekla the Sneak, a weakling OpDe (D:5)
  A dart slug (D:4)
  40 orcs
  7 ball pythons
  6 endoplasms
  A giant cockroach (D:1)
  11 goblins
  8 hobgoblins
  20 kobolds
  7 quokkas
  7 bats
  2 frilled lizards
  A goblin zombie (Ossuary)
  10 hobgoblin zombies (Ossuary)
  2 jackal zombies (Ossuary)
  9 kobold zombies (Ossuary)
  8 orc zombies (Ossuary)
  2 rats (D:1)
  A rat zombie (Ossuary)
  3 pillars of salt (Orc:2)
361 creatures vanquished.

Vanquished Creatures (others)
  A pillar of salt (Orc:2)
1 creature vanquished.

Grand Total: 362 creatures vanquished

Notes
Turn   | Place    | Note
-------+----------+-------------------------------------------
     0 | D:1      | Caestello the Minotaur Fighter began the quest for the Orb.
     0 | D:1      | Reached XP level 1. HP: 19/19 MP: 0/0
   288 | D:1      | Found a faded altar of an unknown god.
   300 | D:1      | Reached XP level 2. HP: 27/27 MP: 1/1
   730 | D:2      | Reached XP level 3. HP: 31/33 MP: 2/2
   736 | D:2      | Reached skill level 3 in Axes
  1141 | D:2      | Noticed Natasha
  1166 | D:2      | Killed Natasha
  1167 | D:2      | Reached XP level 4. HP: 18/40 MP: 3/3
  1337 | D:2      | Noticed Natasha
  1348 | D:2      | Killed Natasha
  1513 | D:2      | Noticed Natasha
  1529 | D:2      | Killed Natasha
  1530 | D:2      | Reached XP level 5. HP: 42/47 MP: 4/4
  1637 | D:3      | Found a stormy altar of Qazlal.
  1689 | D:3      | Reached skill level 4 in Axes
  1689 | D:3      | Reached skill level 5 in Armour
  1689 | D:3      | Reached skill level 1 in Dodging
  1870 | D:3      | Noticed a sky beast
  1881 | D:3      | Killed a sky beast
  1882 | D:3      | Reached XP level 6. HP: 38/53 MP: 5/5
  2341 | D:4      | Reached skill level 5 in Axes
  2341 | D:4      | Found a large runed translucent door.
  2342 | D:4      | Found a large runed translucent door.
  2347 | D:4      | Noticed a sky beast
  2393 | D:4      | Identified the ring "Zecranyz" {AC+4 Str-3 Int+8}
  2433 | D:4      | Found a large runed translucent door.
  2433 | D:4      | Found a large runed translucent door.
  2476 | D:4      | Reached skill level 5 in Fighting
  2476 | D:4      | Reached XP level 7. HP: 58/61 MP: 6/6
  2479 | D:4      | Reached skill level 6 in Axes
  2565 | D:4      | Reached skill level 5 in Shields
  2581 | D:4      | Reached skill level 7 in Axes
  3002 | D:4      | Found a staircase to the Ecumenical Temple.
  3077 | Temple   | Entered the Ecumenical Temple
  3389 | Temple   | Became a worshipper of Uskayaw the Reveller
  3492 | D:4      | Found a snail-covered altar of Cheibriados.
  3555 | D:4      | Reached * piety under Uskayaw
  3557 | D:4      | Reached ** piety under Uskayaw
  3560 | D:4      | Reached *** piety under Uskayaw
  3609 | D:5      | Entered Level 5 of the Dungeon
  3641 | D:5      | Reached XP level 8. HP: 68/69 MP: 7/7
  3648 | D:5      | Reached **** piety under Uskayaw
  3649 | D:5      | Reached skill level 8 in Axes
  3758 | D:5      | Found a large runed translucent door.
  3767 | D:5      | Found a large runed translucent door.
  3770 | D:5      | Noticed Esekla's ghost (weakling OpDe)
  3801 | D:5      | Killed Esekla's ghost
  4159 | D:6      | Reached skill level 9 in Axes
  4160 | D:6      | Reached ***** piety under Uskayaw
  5011 | D:7      | Reached XP level 9. HP: 72/78 MP: 8/8
  5020 | D:7      | Reached skill level 10 in Axes
  6014 | D:8      | Found a sand-covered staircase.
  6020 | Ossuary  | Entered an ossuary
  6273 | D:8      | Found Igoff's Antique Armour Boutique.
  6294 | D:8      | Reached skill level 11 in Axes
  6297 | D:8      | Reached ****** piety under Uskayaw
  6441 | D:8      | Found a flagged portal.
  6455 | Bailey   | Entered a bailey
  6493 | Bailey   | Reached skill level 12 in Axes
  6499 | Bailey   | Noticed Prince Ribbit
  6503 | Bailey   | Noticed a vault guard
  6511 | Bailey   | Killed a vault guard
  6512 | Bailey   | Reached XP level 10. HP: 67/88 MP: 9/9
  6531 | Bailey   | Killed Prince Ribbit
  6613 | Bailey   | Noticed a vault guard
  6630 | Bailey   | Killed a vault guard
  6631 | Bailey   | Reached skill level 13 in Axes
  6956 | D:8      | Found Poptel's Magic Scroll Shoppe.
  6972 | D:8      | Bought a scroll of vulnerability for 48 gold pieces
  6999 | D:8      | Found Salefuil's Jewellery Shop.
  7048 | D:8      | Found Qefoir's Distillery.
  7051 | D:8      | Bought a potion of heal wounds for 55 gold pieces
  7346 | D:8      | Bought a dazzling leather armour for 161 gold pieces
  7346 | D:8      | Identified the +0 leather armour "Basogh" {rElec} (You
                  | bought it in a shop on level 8 of the Dungeon)
  7346 | D:8      | Bought a runed scale mail for 161 gold pieces
  7441 | D:8      | Found an opulent altar of Gozag.
  7594 | D:8      | Found Ejeamog's Book Emporium.
  7845 | D:9      | Noticed an elephant
  7854 | D:9      | Killed an elephant
  7855 | D:9      | Reached skill level 14 in Axes
  7875 | D:9      | Reached XP level 11. HP: 91/95 MP: 10/10
  7889 | D:9      | Found a staircase to the Lair.
  7946 | D:9      | Reached skill level 5 in Dodging
  7951 | D:9      | Found a staircase to the Orcish Mines.
  8233 | D:9      | Found a sacrificial altar of Ru.
  8385 | D:10     | Entered Level 10 of the Dungeon
  8723 | D:10     | Paralysed by a hornet for 1 turns
  8929 | D:10     | Reached skill level 1 in Invocations
  8955 | D:10     | Found Galutwut's Profane Products.
  8995 | D:10     | Noticed Psyche
  9003 | D:10     | Killed Psyche
  9329 | D:10     | Reached skill level 1 in Evocations
  9532 | D:11     | Noticed a skeletal warrior
  9532 | D:11     | Noticed a skeletal warrior
  9532 | D:11     | Noticed a skeletal warrior
  9549 | D:10     | Killed a skeletal warrior
  9550 | D:10     | Reached skill level 15 in Axes
  9595 | D:10     | Killed a skeletal warrior
  9685 | D:11     | Noticed a skeletal warrior
  9707 | D:10     | Killed a skeletal warrior
  9838 | D:11     | Killed a skeletal warrior
  9839 | D:11     | Reached skill level 10 in Fighting
  9848 | D:11     | Found Xenene Vuha's Island Escapes.
 10398 | D:11     | Reached XP level 12. HP: 102/106 MP: 13/13
 10781 | D:12     | Noticed a two-headed ogre
 10785 | D:12     | Killed a two-headed ogre
 10786 | D:12     | Reached skill level 10 in Armour
 11112 | D:12     | Identified the +7 dagger of Calamity {flame, *Noise Fly
                  | Will+}
 11688 | D:13     | Noticed a tengu warrior
 11710 | D:13     | Killed a tengu warrior
 11877 | D:13     | Noticed a centaur warrior
 11877 | D:13     | Noticed a tengu reaver
 11877 | D:13     | Noticed a centaur warrior
 12764 | Orc:1    | Entered Level 1 of the Orcish Mines
 12844 | Orc:2    | Entered Level 2 of the Orcish Mines
 12853 | Orc:2    | Reached skill level 16 in Axes
 13065 | Orc:2    | Found a staircase to the Elven Halls.
 13304 | Orc:2    | Found Secwuoth's Antique Weapon Shoppe.
 13304 | Orc:2    | Noticed an orc high priest
 13313 | Orc:2    | Found Bulas's Assorted Antiques.
 13317 | Orc:2    | Killed an orc high priest
 13318 | Orc:2    | Reached skill level 10 in Shields
 13318 | Orc:2    | Reached skill level 5 in Invocations
 13493 | Orc:2    | Noticed an ettin
 13530 | Orc:2    | Slain by an ettin

Illustrated notes

Levels and vault maps discovered:
D:1:      dpeg_arrival_circle_labyrinth_c, layout_rooms,
          hellmonk_ecumenical_altar_run_dry
D:2:      layout_basic, uniq_natasha
D:3:      layout_loops_ring, mainiacjoe_overflow_brackets
D:4:      layout_basic, lemuel_coloured_pillars_altar, temple_hall,
          minmay_hollow_rounded_squares
D:5:      layout_cave_pools, ebering_ghost_disaster_area, st_stairs_6
D:6:      layout_loops_cross
D:7:      layout_layer_cave, abandoned_shop
D:8:      layout_loops_corners, marbit_many_paths, enter_bailey_4, serial_shops,
          nicolae_shop_crystal, nicolae_shop_behind_doors, shop, shop,
          nicolae_shop_crystal, nicolae_ossuary_entry_plus
D:9:      layout_rooms, nicolae_ru_sacrificial_ziggurat, david_lair_generic
D:10:     layout_stronghold, nicolae_evil_shop, uniq_psyche
D:11:     layout_basic, nicolae_island_escapes
D:12:     layout_basic
D:13:     layout_long_grid, david_vaults_2, nicolae_rejected_hall, uniq_lodul,
          uniq_josephine, uniq_rupert
Temple:   dpeg_five_rooms_temple
Orc:1:    layout_diamond_mine, basic_altar, uniq_nergalle
Orc:2:    hellmonk_orc_salted, layout_caves

Skill      XL: |  1  2  3  4  5  6  7  8  9 10 11 12 |
---------------+-------------------------------------+-----
Armour         | 4 5 6 7 8 9 10 | 10.7
Fighting       | 4 5 6 7 8 10 11 | 11.2
Shields        | 4 5 6 7 8 9 10 | 10.0
Axes           | 3 4 5 7 9 12 14 15 16 | 16.3
Dodging        | 1 2 3 4 5 6 |  6.5
Invocations    | 3 5 |  5.1
Evocations     | 2 4 |  4.4
Stealth        | |  0.3

Action                     |  1- 3 |  4- 6 |  7- 9 | 10-12 || total
---------------------------+-------+-------+-------+-------++-------
  Melee: War axe           |    55 |    88 |   262 |   370 ||   775
         Headbutt          |     5 |    16 |    34 |    60 ||   115
 Invoke: Stomp             |       |       |     1 |       ||     1
         Line Pass         |       |       |       |     3 ||     3
    Use: Potion            |       |     1 |     1 |     6 ||     8
         Scroll            |       |       |    16 |    10 ||    26
   Stab: Paralysed         |       |       |    15 |    47 ||    62
 Armour: Scale mail        |    30 |    48 |    55 |    77 ||   210
         Chain mail        |       |       |       |    18 ||    18
  Dodge: Dodged            |    23 |    54 |   175 |   301 ||   553
  Block: Buckler           |    21 |    15 |    96 |    76 ||   208
         Kite shield       |       |    14 |       |    80 ||    94

Table legend: (Time is in decaauts)
 A = Elapsed time spent in this place.
 B = Non-inter-level travel time spent in this place.
 C = Inter-level travel time spent in this place.
 D = Time resting spent in this place.
 E = Time spent auto-exploring this place.
 F = Levels seen in this place.
 G = Mean time per level.
                   A        B        C        D        E       F      G
               +--------+--------+--------+--------+--------+-----+--------+
         Total |  13546 |  12143 |   1403 |   1001 |   8027 |  18 |  752.6 |
       Dungeon |  11905 |  10607 |   1298 |    843 |   7222 |  13 |  915.8 |
        Temple |    374 |    270 |    104 |      0 |    246 |   1 |  374.0 |
  Orcish Mines |    752 |    752 |      0 |    158 |    347 |   2 |  376.0 |
       Ossuary |    183 |    183 |      0 |      0 |     38 |   1 |  183.0 |
        Bailey |    330 |    330 |      0 |      0 |    174 |   1 |  330.0 |
               +--------+--------+--------+--------+--------+-----+--------+

Top non-repeatable levels by time:
    D:12: 1685 daAuts
    D:10: 1612 daAuts
     D:8: 1303 daAuts
     D:7: 1285 daAuts
     D:2: 1052 daAuts
     D:4: 956 daAuts
    D:11: 822 daAuts
     D:3: 732 daAuts
   Orc:2: 673 daAuts
     D:6: 600 daAuts
     D:9: 564 daAuts
     D:1: 560 daAuts
     D:5: 520 daAuts
  Temple: 374 daAuts
  Bailey: 330 daAuts
